[Event "Titled Tuesday Blitz February 15 Early 2022"]
[White "Einarsson, Halldor Gretar"]
[Black "Joubert, Dantelle"]
[WhiteFideId "2300150"]
[BlackFideId "14310813"]
[WhiteElo "2114"]
[BlackElo "1507"]
[Result "1-0"]
[Round "08"]
[TimeControl "180+1"]
[Date "2022.02.15"]
[WhiteClock "0:00:05"]
[BlackClock "0:00:06"]

1. d4 Nf6 2. c4 e6 3. Nf3 Bb4+ 4. Bd2 Qe7 5. g3 Nc6 6. Bg2 Bxd2+ 7. Nbxd2 O-O 8. O-O d6 9. e4 e5 10. d5 Nb8 11. Ne1 a5 12. Nd3 Na6 13. f4 exf4 14. gxf4 Ng4 15. Re1 Qh4 16. h3 Nh6 17. Qf3 Nb4 18. Nxb4 axb4 19. a3 bxa3 20. Rxa3 Rxa3 21. bxa3 Bd7 22. e5 Nf5 23. Ne4 Nd4 24. Qe3 Nf5 25. Qf2 Qxf2+ 26. Kxf2 Ra8 27. c5 Rxa3 28. exd6 cxd6 29. Nxd6 Nxd6 30. cxd6 Kf8 31. Re7 Bf5 32. Rxb7 g6 33. Rb8+ Kg7 34. Rb7 Kf8 35. d7 Ra8 36. d6 Rd8 37. Bc6 f6 38. Kg3 Kf7 39. Rc7 h5 40. Rc8 Rxc8 41. dxc8=Q Bxc8 42. d7 Bxd7 43. Bxd7 g5 44. f5 Ke7 45. Be6 Kd6 46. h4 g4 47. Kf4 Ke7 48. Bd5 Kd6 49. Bf7 1-0


[Site "https://www.chess.com"]

[Event "Titled Tuesday Blitz February 15 Early 2022"]
[White "Eynullayev, Atilla"]
[Black "Hakemi, Arman"]
[WhiteFideId "13413570"]
[BlackFideId "22520805"]
[WhiteElo "1979"]
[BlackElo "2208"]
[Result "0-1"]
[Round "08"]
[TimeControl "180+1"]
[Date "2022.02.15"]
[WhiteClock "0:00:19"]
[BlackClock "0:00:44"]

1. e4 e6 2. d4 d5 3. e5 c5 4. c3 Nc6 5. Nf3 Qb6 6. a3 Nh6 7. b4 cxd4 8. b5 Nf5 9. bxc6 dxc3 10. Nxc3 Bc5 11. Bd3 Bxf2+ 12. Kf1 Ne3+ 13. Bxe3 Bxe3 14. cxb7 Bxb7 15. Qa4+ Bc6 16. Bb5 Rc8 17. Bxc6+ Qxc6 18. Qxc6+ Rxc6 19. Ne2 Rc2 20. Nfd4 Rb2 21. Re1 Kd7 22. g3 Rc8 23. Rd1 Rc4 24. Nf3 Rcc2 25. Nfg1 h5 26. h4 g6 27. Rd3 Bxg1 28. Nxg1 Rc1+ 29. Rd1 Rxd1# 0-1


[Site "https://www.chess.com"]

[Event "Titled Tuesday Blitz February 15 Early 2022"]
[White "FGHSMN"]
[Black "Musovic, Armin"]
[BlackFideId "939935"]
[WhiteElo "2704"]
[BlackElo "2250"]
[Result "1-0"]
[Round "08"]
[TimeControl "180+1"]
[Date "2022.02.15"]
[WhiteClock "0:00:04"]
[BlackClock "0:00:01"]

1. b3 Nf6 2. Bb2 d5 3. Nf3 Bg4 4. e3 e6 5. h3 Bh5 6. g4 Bg6 7. Ne5 a6 8. d3 c5 9. Nd2 Nc6 10. Nxg6 hxg6 11. Bg2 Bd6 12. Qe2 Qa5 13. f4 Nb4 14. Qd1 d4 15. a3 dxe3 16. axb4 Qxb4 17. Ra4 Qxd2+ 18. Qxd2 exd2+ 19. Kxd2 O-O-O 20. Rf1 Rhe8 21. Be5 Re7 22. Bxf6 gxf6 23. f5 exf5 24. gxf5 g5 25. Re4 Be5 26. Bf3 Red7 27. Bg4 Kc7 28. Ke2 b5 29. Kf3 Kb6 30. Rh1 Rh8 31. Rc1 a5 32. Ke2 Bb2 33. Rb1 Be5 34. Kd2 Ra7 35. c3 Rha8 36. Be2 a4 37. bxa4 Rxa4 38. Rxa4 Rxa4 39. d4 Bf4+ 40. Kd3 c4+ 41. Ke4 Kc6 42. h4 Ra8 43. h5 Re8+ 44. Kf3 Re3+ 45. Kf2 g4 46. Bxg4 Rxc3 47. Bf3+ Kb6 48. Bd5 Ka5 49. Bxf7 Rh3 50. Be8 Re3 51. Rxb5+ Ka6 52. Bc6 Rd3 53. Rc5 Rxd4 54. Bb5+ Kb6 55. Rxc4 Rd2+ 56. Kf3 1-0


[Site "https://www.chess.com"]

[Event "Titled Tuesday Blitz February 15 Early 2022"]
[White "Fedoseev, Vladimir"]
[Black "Chigaev, Maksim"]
[WhiteFideId "24130737"]
[BlackFideId "4108116"]
[WhiteElo "2726"]
[BlackElo "2502"]
[Result "1-0"]
[Round "08"]
[TimeControl "180+1"]
[Date "2022.02.15"]
[WhiteClock "0:00:17"]
[BlackClock "0:00:03"]

1. e4 e5 2. Nf3 Nc6 3. Bb5 a6 4. Ba4 Nf6 5. O-O Be7 6. Re1 b5 7. Bb3 d6 8. a4 Bg4 9. c3 O-O 10. d3 Na5 11. Bc2 Bxf3 12. Qxf3 b4 13. Nd2 c5 14. Nf1 Rb8 15. Ne3 g6 16. Bd2 Nd7 17. g3 Bg5 18. h4 Bh6 19. h5 bxc3 20. bxc3 Rb2 21. Qd1 Nf6 22. hxg6 fxg6 23. Rb1 Rxb1 24. Qxb1 Kh8 25. Qd1 Qd7 26. Kg2 Qf7 27. Rf1 Nh5 28. Bc1 Nc6 29. Bb3 Qe8 30. Bd5 Nb8 31. Nc4 Bxc1 32. Qxc1 Qe7 33. Qe3 Nd7 34. Rb1 Ndf6 35. Rb7 Qd8 36. Qh6 Re8 37. Rf7 Re7 38. Rf8+ 1-0


[Site "https://www.chess.com"]

[Event "Titled Tuesday Blitz February 15 Early 2022"]
[White "Gabrielian, Artur"]
[Black "Gracia Alvarez, Gerardo Antonio"]
[WhiteFideId "4131002"]
[BlackFideId "5109124"]
[WhiteElo "2440"]
[BlackElo "2139"]
[Result "1/2-1/2"]
[Round "08"]
[TimeControl "180+1"]
[Date "2022.02.15"]
[WhiteClock "0:00:11"]
[BlackClock "0:00:05"]

1. e4 c5 2. Nf3 Nc6 3. d4 cxd4 4. Nxd4 Nf6 5. Nc3 e5 6. Ndb5 h6 7. a4 a6 8. Nd6+ Bxd6 9. Qxd6 Qe7 10. Qxe7+ Kxe7 11. Bd3 d6 12. f4 exf4 13. Bxf4 Be6 14. O-O-O Rhd8 15. Rhe1 Ne5 16. Bf1 Rac8 17. Kb1 Nfd7 18. Nd5+ Kf8 19. b3 Nc5 20. Nb6 Rc6 21. Bxe5 Rxb6 22. Bd4 Rc6 23. Re3 Rdc8 24. Rd2 Nd7 25. Kb2 Ne5 26. Rc3 Rxc3 27. Bxc3 Ke7 28. Bb4 Rc6 29. a5 Nd7 30. Be2 Ne5 31. h3 g6 32. Rd4 h5 33. Bd2 Rc8 34. Rb4 Rc7 35. Ra4 Bd7 36. Ra1 Bc6 37. Bd3 d5 38. Bb4+ Ke6 39. exd5+ Bxd5 40. Re1 Bxg2 41. Bc3 f6 42. Bxg6 Bxh3 43. Bxh5 Bf5 44. Bd1 Kd6 45. Bb4+ Ke6 46. Bd2 Rh7 47. Be2 Rh2 48. Kc1 Kf7 49. Bf4 Rf2 50. Be3 Rh2 51. Bf4 Rf2 52. Bg3 Rg2 53. Bh5+ Ke6 54. Bxe5 Rxc2+ 55. Kd1 fxe5 56. Bf3 Rb2 57. Bxb7 Rxb3 58. Bxa6 Ra3 59. Bc4+ Kd6 60. a6 Ra1+ 61. Kd2 Rxe1 62. Kxe1 Be4 63. Kd2 Kc7 64. Kc3 Kb6 65. Kb4 Ba8 66. Bd3 e4 67. Be2 e3 68. Kc3 Be4 69. Kd4 Ba8 70. Kxe3 Ka7 71. Kd4 Bc6 72. Kc5 Ba8 73. Bb5 Bf3 74. Kd6 Bg2 75. Kc7 Bf3 76. Bc4 Bg2 77. Bd3 Bf3 78. Bc4 Bg2 79. Bb5 Bf3 80. Bc6 Bxc6 81. Kxc6 Kxa6 1/2-1/2


[Site "https://www.chess.com"]

[Event "Titled Tuesday Blitz February 15 Early 2022"]
[White "Galchenko, Matvey"]
[Black "Zhu, Jiner"]
[WhiteFideId "24175480"]
[BlackFideId "8608059"]
[WhiteElo "2453"]
[BlackElo "2281"]
[Result "0-1"]
[Round "08"]
[TimeControl "180+1"]
[Date "2022.02.15"]
[WhiteClock "0:00:02"]
[BlackClock "0:00:24"]

1. c4 e6 2. Nf3 Nf6 3. g3 d5 4. b3 c5 5. Bg2 Nc6 6. O-O d4 7. e3 Bd6 8. exd4 cxd4 9. d3 O-O 10. Bg5 h6 11. Bxf6 Qxf6 12. Nbd2 Qe7 13. Ne4 Bc7 14. a3 a5 15. Re1 e5 16. Qc2 Be6 17. Qb2 f5 18. Ned2 Bd6 19. c5 Bxc5 20. Nxe5 Nxe5 21. Rxe5 Qd6 22. f4 Rfe8 23. Nf3 Kh8 24. Kh1 Rac8 25. h3 Bd7 26. Kh2 Bc6 27. Rxf5 Bxf3 28. Bxf3 Re3 29. Be4 Bxa3 30. Qg2 Bb4 31. Rd5 Qf6 32. Rb5 Be1 33. Bf3 Qg6 34. Rxb7 Qxd3 35. Rf7 Rc2 36. Rd1 Rxg2+ 37. Kxg2 Qc2+ 0-1


[Site "https://www.chess.com"]

[Event "Titled Tuesday Blitz February 15 Early 2022"]
[White "Galyas, Miklos"]
[Black "Shyaamnikhil P"]
[WhiteFideId "707244"]
[BlackFideId "5024218"]
[WhiteElo "2409"]
[BlackElo "2292"]
[Result "1-0"]
[Round "08"]
[TimeControl "180+1"]
[Date "2022.02.15"]
[WhiteClock "0:01:36"]
[BlackClock "0:00:30"]

1. c4 e6 2. e4 c5 3. Nc3 Nc6 4. g3 g6 5. Bg2 Bg7 6. Nge2 h5 7. h3 Nge7 8. d3 Nd4 9. Nxd4 cxd4 10. Ne2 O-O 11. O-O d5 12. exd5 exd5 13. b3 dxc4 14. bxc4 Nc6 15. Nf4 h4 16. g4 Bd7 17. Nd5 Rc8 18. Bf4 Be5 19. Qd2 Be6 20. Bg5 f6 21. Bxh4 g5 22. Bg3 Bxg3 23. fxg3 Kg7 24. Rae1 Bxd5 25. Bxd5 Ne5 26. Rf5 Ng6 27. Qf2 Rc7 28. Qxd4 Re7 29. Ref1 Qd6 30. Qf2 b6 31. h4 Re5 32. hxg5 fxg5 33. Rxf8 Qxf8 34. Qxf8+ Nxf8 35. Rf7+ 1-0


[Site "https://www.chess.com"]

[Event "Titled Tuesday Blitz February 15 Early 2022"]
[White "Gatterer, Florian"]
[Black "Pires, Marcos Vinicius Torsani"]
[WhiteFideId "811688"]
[BlackFideId "2118939"]
[WhiteElo "2218"]
[BlackElo "2273"]
[Result "1/2-1/2"]
[Round "08"]
[TimeControl "180+1"]
[Date "2022.02.15"]
[WhiteClock "0:00:02"]
[BlackClock "0:00:08"]

1. Nf3 c6 2. c4 d5 3. e3 Nf6 4. Nc3 a6 5. Qc2 g6 6. d3 dxc4 7. dxc4 Bf5 8. e4 Bg4 9. Ne5 Be6 10. Be2 Bg7 11. O-O O-O 12. h3 Nbd7 13. Nf3 h6 14. Bf4 a5 15. Rfd1 Qb6 16. Na4 Qa7 17. Be3 Qb8 18. Nd4 Qe5 19. Nc3 Nc5 20. f4 Qc7 21. e5 Nfd7 22. Nxe6 Nxe6 23. Bg4 Ndc5 24. Ne4 Nxe4 25. Qxe4 Rad8 26. Bxe6 fxe6 27. Qxg6 Kh8 28. Qxe6 Rxd1+ 29. Rxd1 Rd8 30. Qg4 Rxd1+ 31. Qxd1 a4 32. Qd2 b5 33. Qb4 Qd7 34. cxb5 cxb5 35. Qc3 Qd1+ 36. Kh2 Qd5 37. b3 Qe4 38. bxa4 Qxa4 39. Qd3 Qxa2 40. Qxb5 Qa3 41. Qc5 Qd3 42. Qd4 Qf5 43. g4 Qc2+ 44. Kg3 Qb3 45. h4 Qf7 46. h5 Qb3 47. Kf3 Qb7+ 48. Qe4 Qb5 49. Qa8+ Kh7 50. Qe4+ Kh8 51. g5 Qf1+ 52. Bf2 Qh3+ 53. Bg3 Qxh5+ 54. Ke3 hxg5 55. fxg5 Qxg5+ 56. Bf4 Qg1+ 57. Kd3 Qc1 58. Ke2 Qb2+ 59. Kf3 Qb3+ 60. Kg4 Qe6+ 61. Kg3 Qb3+ 62. Kg4 Qd1+ 63. Kg3 Qg1+ 64. Kf3 Qh1+ 65. Ke3 Qe1+ 66. Kf3 Qd1+ 67. Ke3 e6 68. Qg6 Qe1+ 69. Kf3 Qf1+ 70. Ke3 Qc1+ 71. Kf3 Qd1+ 72. Ke3 Qb3+ 73. Kf2 Qb2+ 74. Kf3 Qc3+ 75. Kf2 Qb2+ 76. Kf3 Qa3+ 77. Kf2 Qe7 78. Qh5+ Kg8 79. Qg6 Qa7+ 80. Kf3 Qe7 81. Kg4 Qf8 82. Qg5 Qf7 83. Qh5 Qf8 84. Qg5 Qb4 85. Qg6 Qc4 86. Qe8+ Kh7 87. Qh5+ Kg8 88. Qe8+ Bf8 89. Qg6+ Kh8 90. Qh5+ Kg8 91. Qg6+ Bg7 92. Qe8+ 1/2-1/2


[Site "https://www.chess.com"]

[Event "Titled Tuesday Blitz February 15 Early 2022"]
[White "Gelman, Alexander"]
[Black "Budrewicz, Krzysztof"]
[WhiteFideId "4118316"]
[BlackFideId "1127950"]
[WhiteElo "2375"]
[BlackElo "2248"]
[Result "1-0"]
[Round "08"]
[TimeControl "180+1"]
[Date "2022.02.15"]
[WhiteClock "0:00:12"]
[BlackClock "0:00:32"]

1. d4 Nf6 2. Nc3 g6 3. e4 d6 4. f4 Bg7 5. Nf3 O-O 6. e5 Nfd7 7. h4 c5 8. e6 fxe6 9. h5 cxd4 10. Nxd4 Nc5 11. hxg6 hxg6 12. Qg4 Qe8 13. Be3 Nc6 14. Nf3 Rf5 15. O-O-O b5 16. Bxb5 Bd7 17. Qh4 Rh5 18. Qg3 Rb8 19. Rxh5 gxh5 20. Bxc6 Bxc6 21. Bd4 e5 22. fxe5 Ne6 23. exd6 Nxd4 24. Nxd4 exd6 25. Nf5 Qf8 26. Nxg7 Qxg7 27. Qxd6 Rc8 28. Qe6+ Kh7 29. Qxc8 Bxg2 30. Rd7 1-0


[Site "https://www.chess.com"]

[Event "Titled Tuesday Blitz February 15 Early 2022"]
[White "Goldin, Roman"]
[Black "Vusatiuk, Vladimir"]
[WhiteFideId "2803860"]
[BlackFideId "14118610"]
[WhiteElo "2312"]
[BlackElo "2157"]
[Result "1-0"]
[Round "08"]
[TimeControl "180+1"]
[Date "2022.02.15"]
[WhiteClock "0:00:07"]
[BlackClock "0:00:07"]

1. Nf3 Nc6 2. e4 d5 3. exd5 Qxd5 4. Nc3 Qa5 5. g3 Nf6 6. Bg2 e5 7. O-O Bd6 8. Re1 O-O 9. d3 h6 10. a3 Qb6 11. b4 Bg4 12. h3 Bh5 13. g4 Bg6 14. Be3 Nd4 15. Na4 Qa6 16. c4 Nxf3+ 17. Bxf3 c6 18. Bc5 Rad8 19. Bxd6 Rxd6 20. Nc5 Qb6 21. Rxe5 Nd7 22. Nxd7 Rxd7 23. c5 Qd8 24. Qd2 Rxd3 25. Qf4 Qc7 26. Rf5 Qxf4 27. Rxf4 Rfd8 28. b5 Rxf3 29. Rxf3 cxb5 30. Re1 a6 31. Re7 Rc8 32. Rc3 Rb8 33. f3 Kf8 34. Rc7 Bb1 35. Kf2 Ba2 36. Ke3 Bd5 37. Kf4 Bc6 38. Re3 Kg8 39. Ree7 Bd5 40. Red7 Be6 41. Rxb7 Rc8 42. Rdc7 Rd8 43. c6 Bd5 44. Rd7 Rc8 45. Rxd5 Rxc6 46. Rdd7 Kh7 47. Rxf7 Rc4+ 48. Kg3 Kg6 49. Rxg7+ Kf6 50. Rgd7 Ke5 51. Rh7 Rc3 52. Rxh6 Rxa3 53. Rhb6 Kd5 54. Ra7 a5 55. Raa6 Kc5 56. Rc6+ Kd5 57. g5 Ra1 58. g6 a4 59. Kf4 a3 60. g7 Rg1 61. Rg6 a2 62. g8=Q+ Kc5 63. Rac6+ Kb4 64. Rxg1 Ka3 65. Qd5 Kb4 66. Qc5+ Ka5 67. Rb6 Ka4 68. Qxb5+ Ka3 69. Qb4# 1-0


[Site "https://www.chess.com"]

[Event "Titled Tuesday Blitz February 15 Early 2022"]
[White "Golizadeh, Asghar"]
[Black "Senthil Maran K"]
[WhiteFideId "12505269"]
[BlackFideId "25035681"]
[WhiteElo "2403"]
[BlackElo "2194"]
[Result "1-0"]
[Round "08"]
[TimeControl "180+1"]
[Date "2022.02.15"]
[WhiteClock "0:00:51"]
[BlackClock "0:00:16"]

1. e4 c5 2. Nf3 Nc6 3. Bb5 g6 4. Bxc6 dxc6 5. d3 Bg7 6. h3 Nf6 7. Nc3 O-O 8. Be3 b6 9. Qd2 Ne8 10. Bh6 Qd6 11. Bxg7 Kxg7 12. e5 Qe6 13. O-O-O b5 14. Kb1 c4 15. Qf4 Qf5 16. Qxf5 Bxf5 17. dxc4 bxc4 18. Nd4 Rb8 19. Nxf5+ gxf5 20. Rd7 f6 21. e6 Nd6 22. Rxe7+ Kg6 23. Rd1 Ne4 24. Nxe4 fxe4 25. Rdd7 Rbe8 26. Rxa7 f5 27. Kc1 Kf6 28. Rxe8 Rxe8 29. e7 Kf7 30. Kd2 Rb8 31. Kc3 Ke8 32. g3 h5 33. h4 Rb5 34. a4 Rd5 35. a5 Rd1 36. a6 Ra1 37. Ra8+ Kxe7 38. a7 1-0


[Site "https://www.chess.com"]

[Event "Titled Tuesday Blitz February 15 Early 2022"]
[White "Goltseva, Ekaterina"]
[Black "Jakubowska, Anna"]
[WhiteFideId "24173770"]
[BlackFideId "1121952"]
[WhiteElo "2140"]
[BlackElo "1924"]
[Result "1-0"]
[Round "08"]
[TimeControl "180+1"]
[Date "2022.02.15"]
[WhiteClock "0:00:10"]
[BlackClock "0:00:02"]

1. d4 f5 2. c4 Nf6 3. Nc3 e6 4. Qc2 Bb4 5. f3 O-O 6. Nh3 b6 7. Bf4 Bb7 8. Nf2 d6 9. e3 Nbd7 10. Bd3 e5 11. dxe5 dxe5 12. Bg5 g6 13. O-O-O Qe8 14. h4 Nc5 15. h5 Nxh5 16. Rxh5 gxh5 17. Bxf5 Qf7 18. g4 Bxf3 19. Rg1 Qxc4 20. gxh5 Kh8 21. Bxh7 Bxc3 22. bxc3 e4 23. Bg6 Be2 24. Nxe4 Bd3 25. Nd2 Qd5 26. c4 Qd6 27. Qc3+ Kg8 28. Bh6 Rf6 29. Bxd3+ Kf7 30. Bg6+ Ke6 31. Bg5 Rff8 32. Qd4 Qxd4 33. exd4 Na4 34. Re1+ Kd6 35. Kc2 Kd7 36. h6 c5 37. h7 cxd4 38. Bh6 d3+ 39. Bxd3 Rh8 40. Bg7 Rhc8 41. h8=Q Rxh8 42. Bxh8 Rxh8 43. Re2 Nc5 44. Rg2 Rf8 45. Ne4 1-0


[Site "https://www.chess.com"]

[Event "Titled Tuesday Blitz February 15 Early 2022"]
[White "Golubka, Petro"]
[Black "Varney, Zoe"]
[WhiteFideId "14114224"]
[BlackFideId "436135"]
[WhiteElo "2392"]
[BlackElo "1808"]
[Result "0-1"]
[Round "08"]
[TimeControl "180+1"]
[Date "2022.02.15"]
[WhiteClock "0:01:59"]
[BlackClock "0:00:02"]

1. d3 Nf6 2. e4 e5 3. f4 Bc5 4. fxe5 Nxe4 5. dxe4 Qh4+ 6. Kd2 Qxe4 7. Qf3 Qd4+ 8. Bd3 Nc6 9. c3 Qh4 10. g3 Qe7 11. Kc2 Nxe5 12. Qe2 d6 13. Bf4 Bg4 14. Qe1 Nxd3 15. Qxe7+ Kxe7 16. Kxd3 Bf5+ 17. Kd2 Be4 18. b4 Bb6 19. Ne2 Bxh1 20. Na3 Bf3 21. Nd4 Bxd4 22. cxd4 Rhe8 23. Ke3 Bc6 24. b5 Bd5 25. Kd2 Kf8 26. Rc1 a6 27. Rxc7 axb5 28. Bxd6+ Kg8 29. Rc3 Bc4 30. Rf3 f6 31. h4 Red8 32. Bc5 Ra6 33. Kc3 b6 34. Bb4 Bd5 35. Re3 Bxa2 36. Nxb5 Bf7 37. Re7 Rc8+ 38. Kd2 Ra2+ 39. Ke3 Rb2 40. Nd6 Rb3+ 41. Kf4 Rf8 42. Bd2 Bd5 43. Be3 Rd3 44. Nf5 Rd1 45. Rxg7+ Kh8 46. g4 Rf1+ 47. Kg3 Rxf5 48. Rd7 Rf3+ 49. Kh2 Rxe3 50. Rxd5 Re2+ 51. Kg3 Re3+ 52. Kf4 Rb3 53. Rd7 b5 54. h5 b4 55. Kf5 Rb1 56. h6 b3 57. Rf7 Rxf7 0-1


[Site "https://www.chess.com"]

[Event "Titled Tuesday Blitz February 15 Early 2022"]
[White "Gozzoli, Yannick"]
[Black "Indjic, Aleksandar"]
[WhiteFideId "616915"]
[BlackFideId "911925"]
[WhiteElo "2609"]
[BlackElo "2616"]
[Result "1-0"]
[Round "08"]
[TimeControl "180+1"]
[Date "2022.02.15"]
[WhiteClock "0:00:35"]
[BlackClock "0:00:04"]

1. d4 Nf6 2. Nf3 e6 3. Bg5 h6 4. Bxf6 Qxf6 5. e4 d6 6. c3 Nd7 7. Bd3 e5 8. Na3 g6 9. O-O Bg7 10. Re1 O-O 11. Nc4 Qe7 12. a4 a5 13. h3 Re8 14. Ne3 Nf6 15. Qc2 c6 16. Rad1 exd4 17. cxd4 Nxe4 18. d5 Ng5 19. Nh2 Bd7 20. h4 Ne4 21. h5 gxh5 22. Nc4 cxd5 23. Nb6 Bc6 24. Nxa8 Rxa8 25. Bb5 Qf6 26. b3 h4 27. Nf3 Nc3 28. Rd4 Nxb5 29. axb5 Bxb5 30. Rxh4 Bd7 31. Qc7 Bc6 32. Rg4 Qf5 33. Rg3 Qf6 34. Rd1 Kh8 35. Nd4 Re8 36. Nxc6 bxc6 37. Qxc6 Re2 38. Rf3 Qg6 39. Qxd5 Be5 40. Qxf7 Qxf7 41. Rxf7 Rb2 42. Rc1 Kg8 43. Rd7 1-0


[Site "https://www.chess.com"]

[Event "Titled Tuesday Blitz February 15 Early 2022"]
[White "Grineva, Marianna"]
[Black "Loy, Konstantin"]
[WhiteFideId "14102013"]
[BlackFideId "14122499"]
[WhiteElo "1954"]
[BlackElo "2084"]
[Result "0-1"]
[Round "08"]
[TimeControl "180+1"]
[Date "2022.02.15"]
[WhiteClock "0:00:03"]
[BlackClock "0:00:04"]

1. e4 c5 2. Be2 g6 3. d3 Bg7 4. f4 Nc6 5. Nf3 e6 6. O-O Nge7 7. Qe1 O-O 8. c3 d5 9. Na3 c4 10. e5 cxd3 11. Bxd3 f6 12. exf6 Bxf6 13. Be3 Nf5 14. Bc5 Rf7 15. Nb5 a6 16. Na3 b6 17. Bf2 Bd7 18. Rd1 b5 19. Nc2 Rc8 20. Ne3 Nd6 21. Ng4 Bg7 22. g3 Nc4 23. Qe2 Qa5 24. b3 Nd6 25. c4 dxc4 26. bxc4 Nxc4 27. Bxc4 bxc4 28. Qxc4 Ne5 29. Qxc8+ Bxc8 30. Ngxe5 Bxe5 31. Nxe5 Rf8 32. Rd6 Bb7 33. Rfd1 Bd5 34. a3 Qxa3 35. Rd7 Qa4 36. Rd4 Qa1+ 0-1


[Site "https://www.chess.com"]

[Event "Titled Tuesday Blitz February 15 Early 2022"]
[White "Grischuk, Alexander"]
[Black "Lodici, Lorenzo"]
[WhiteFideId "4126025"]
[BlackFideId "884189"]
[WhiteElo "2762"]
[BlackElo "2265"]
[Result "1/2-1/2"]
[Round "08"]
[TimeControl "180+1"]
[Date "2022.02.15"]
[WhiteClock "0:00:13"]
[BlackClock "0:00:12"]

1. e4 e5 2. Nf3 Nc6 3. Bc4 Nf6 4. d3 Bc5 5. c3 a6 6. a4 d6 7. O-O Ba7 8. Re1 h6 9. Nbd2 Ne7 10. Nf1 Ng6 11. Ng3 c6 12. h3 O-O 13. Bb3 Nf4 14. d4 Qc7 15. Bxf4 exf4 16. Nf1 Re8 17. Qd3 Be6 18. Bxe6 Rxe6 19. N1d2 Rae8 20. b4 Qe7 21. e5 dxe5 22. Rxe5 Rxe5 23. Nxe5 Bb8 24. Nef3 Nd5 25. a5 Bd6 26. Re1 Qd7 27. Ne4 Bf8 28. Kf1 Re6 29. Ned2 Rxe1+ 30. Nxe1 Qe6 31. Nef3 Bd6 32. Ng1 g6 33. Ne2 Kg7 34. Qe4 Kf6 35. Qf3 Kg7 36. Ne4 g5 37. Qd3 Be7 38. Nd2 f5 39. Nf3 Qe4 40. Ne1 Qe6 41. Qd2 Bd6 42. Nd3 Qe4 43. f3 Ne3+ 44. Kg1 Qe6 45. Nc5 Bxc5 46. dxc5 Qd5 47. Qxd5 Nxd5 48. Kf2 Kf6 49. Ke1 Ke5 50. Kd2 Ne3 51. g4 fxg4 52. hxg4 Nd5 53. Kd3 Nf6 54. Nd4 h5 55. gxh5 Nxh5 56. c4 Nf6 57. b5 Nd7 58. bxc6 Nxc5+ 59. Kc3 bxc6 60. Nxc6+ Kd6 61. Nb4 Ke5 62. Nc6+ Kd6 63. Nb4 Ke5 64. Nd3+ Nxd3 65. Kxd3 Kf5 66. c5 Ke5 67. Kc4 Ke6 68. Kd4 Kd7 69. Ke5 g4 70. Kxf4 gxf3 71. Kxf3 Kc6 72. Ke4 Kxc5 73. Kd3 Kb5 74. Kc2 Kxa5 75. Kb2 Kb4 76. Ka1 Ka4 77. Kb1 Ka3 78. Ka1 a5 79. Kb1 a4 80. Ka1 Kb3 81. Kb1 a3 82. Ka1 a2 1/2-1/2


[Site "https://www.chess.com"]

[Event "Titled Tuesday Blitz February 15 Early 2022"]
[White "Gubanov, Oleg"]
[Black "Jain Kashish Manoj"]
[WhiteFideId "14115115"]
[BlackFideId "35081098"]
[WhiteElo "2080"]
[BlackElo "1681"]
[Result "0-1"]
[Round "08"]
[TimeControl "180+1"]
[Date "2022.02.15"]
[WhiteClock "0:00:04"]
[BlackClock "0:00:02"]

1. e4 c5 2. Nf3 d6 3. c3 Nf6 4. Bc4 e6 5. Qe2 Be7 6. O-O O-O 7. Bb3 b6 8. d4 Ba6 9. c4 d5 10. e5 Nfd7 11. Rd1 Nc6 12. Be3 cxd4 13. Bxd4 Qc7 14. Nc3 Rac8 15. Nb5 Bxb5 16. cxb5 Nxd4 17. Nxd4 Qxe5 18. Qd2 Bg5 19. Qb4 Nc5 20. Bc2 Ne4 21. Nc6 Qf4 22. Bxe4 dxe4 23. Re1 Qf5 24. Rxe4 a5 25. Qe1 Qxb5 26. Nd4 Qxb2 27. Rb1 Qxb1 28. Qxb1 Rc1+ 29. Qxc1 Bxc1 30. g3 g6 31. Nb3 Ba3 32. Nd2 Bb4 33. Nc4 b5 34. Ne5 Rc8 35. Nd7 Kg7 36. Re5 Rc1+ 37. Kg2 Rd1 38. Nb6 Rd2 39. Rxb5 Rxa2 40. Nc4 Be1 0-1


[Site "https://www.chess.com"]

[Event "Titled Tuesday Blitz February 15 Early 2022"]
[White "Gulatz, Maurice"]
[Black "Vaishali, Rameshbabu"]
[WhiteFideId "24642746"]
[BlackFideId "5091756"]
[WhiteElo "2150"]
[BlackElo "2343"]
[Result "0-1"]
[Round "08"]
[TimeControl "180+1"]
[Date "2022.02.15"]
[WhiteClock "0:00:49"]
[BlackClock "0:00:56"]

1. d4 Nf6 2. c4 Nc6 3. Nf3 e6 4. a3 g6 5. Nc3 Bg7 6. g3 O-O 7. Bg2 d6 8. O-O Re8 9. d5 exd5 10. cxd5 Ne5 11. Nd4 h5 12. h3 h4 13. g4 Nfxg4 14. hxg4 Bxg4 15. Ne4 h3 16. Bh1 Qh4 17. Kh2 Bxe2 18. Qxe2 Ng4+ 19. Kg1 Bxd4 20. Bf3 Rxe4 21. Qxe4 Qg3+ 22. Bg2 Qh2# 0-1


[Site "https://www.chess.com"]

[Event "Titled Tuesday Blitz February 15 Early 2022"]
[White "Guliyev, Namig"]
[Black "Manukyan, Artyom"]
[WhiteFideId "13400363"]
[BlackFideId "13305786"]
[WhiteElo "2487"]
[BlackElo "2034"]
[Result "1-0"]
[Round "08"]
[TimeControl "180+1"]
[Date "2022.02.15"]
[WhiteClock "0:02:53"]
[BlackClock "0:01:44"]

1. e4 c5 2. Nf3 d6 3. d4 cxd4 4. Nxd4 Nf6 5. Nc3 g6 6. Be3 Bg7 7. Be2 O-O 8. Qd2 Nc6 9. O-O Ng4 10. Bxg4 Bxg4 11. Nd5 Be6 12. c4 a6 13. Rac1 Rc8 14. Rfe1 Bxd5 15. exd5 Ne5 16. b3 Qd7 17. h3 h5 18. f4 h4 19. fxe5 dxe5 20. Nf3 1-0


[Site "https://www.chess.com"]

[Event "Titled Tuesday Blitz February 15 Early 2022"]
[White "Guseva, Marina"]
[Black "Sovetbekova, Nurai"]
[WhiteFideId "4149351"]
[BlackFideId "13801910"]
[WhiteElo "2232"]
[BlackElo "1545"]
[Result "1-0"]
[Round "08"]
[TimeControl "180+1"]
[Date "2022.02.15"]
[WhiteClock "0:00:12"]
[BlackClock "0:00:01"]

1. Nf3 Nf6 2. b3 g6 3. Bb2 Bg7 4. g3 O-O 5. Bg2 d5 6. O-O c5 7. c4 d4 8. e3 dxe3 9. fxe3 Nc6 10. Qe2 Bf5 11. d4 Nb4 12. Ne1 Be4 13. a3 Nc6 14. d5 Bxg2 15. Nxg2 Na5 16. Nd2 e6 17. e4 exd5 18. exd5 Qb6 19. Qf3 Nh5 20. Rab1 Rae8 21. Bxg7 Nxg7 22. Ne4 Nf5 23. Kh1 Kg7 24. Qc3+ f6 25. Ng5 Kg8 26. Ne6 Rf7 27. b4 Nd4 28. bxa5 Qd6 29. Nxd4 cxd4 30. Qxd4 Qxa3 31. Nf4 Qa2 32. Rb2 Qxa5 33. Ne6 Qa3 34. Re2 Qd6 35. Rxf6 Rxf6 36. Qxf6 Rf8 37. Qg7# 1-0


[Site "https://www.chess.com"]

[Event "Titled Tuesday Blitz February 15 Early 2022"]
[White "Hakobyan, Aram"]
[Black "Kopylov, Alexander A."]
[WhiteFideId "13306677"]
[BlackFideId "4164857"]
[WhiteElo "2557"]
[BlackElo "2436"]
[Result "1-0"]
[Round "08"]
[TimeControl "180+1"]
[Date "2022.02.15"]
[WhiteClock "0:02:01"]
[BlackClock "0:01:20"]

1. b4 b6 2. Bb2 Bb7 3. Nf3 Nf6 4. e3 g6 5. c4 Bg7 6. Be2 Kf8 7. O-O Kg8 8. d4 h6 9. Nc3 Kh7 10. Bd3 d6 11. e4 e6 12. e5 dxe5 13. Nxe5 Rf8 14. Qc2 Nbd7 15. Rad1 Qe8 16. Nb5 Qc8 17. Nxf7 Rxf7 18. Bxg6+ Kg8 19. Bxf7+ Kxf7 20. Rfe1 a6 21. d5 exd5 22. Nd4 Nf8 23. Nf5 Ng6 24. cxd5 Bf8 25. Bxf6 Kxf6 26. Re6+ Kf7 27. Nxh6+ 1-0


[Site "https://www.chess.com"]